 Dungeon Crawl Stone Soup version 0.23.2-40-g277498a001 (webtiles) character file.

Game seed: 5360163717218304737

830 Marnok the Poker (level 7, -1/55 HPs)
             Began as a Demonspawn Chaos Knight on Oct 8, 2019.
             Was a Plaything of Xom.
             Succumbed to a hornet's poison
             ... on level 7 of the Dungeon.
             The game lasted 00:16:48 (5362 turns).

Marnok the Poker (Demonspawn Chaos Knight)          Turns: 5362, Time: 00:16:48

Health: -1/55      AC:  6    Str: 15    XL:     7   Next: 65%
Magic:  0/7        EV: 12    Int: 13    God:    Xom [..*...]
Gold:   278        SH:  0    Dex: 12    Spells: 6/6 levels left

rFire    + . .     SeeInvis .   a - +3 spear (chaos)
rCold    + . .     Gourm    .   (no shield)
rNeg     . . .     Faith    .   b - +2 leather armour
rPois    .         Spirit   +   (no helmet)
rElec    .         Reflect  .   (no cloak)
rCorr    .         Harm     .   m - +0 pair of gloves
MR       .....                  (no boots)
Stlth    ++........             (no amulet)
HPRegen  0.18/turn              e - ring of protection from cold
MPRegen  0.20/turn              h - ring of protection from fire

@: lethally poisoned (-1 -> -8), slowed, very slow
A: talons 1, screaming 1, magic shield, magic regeneration, rot immunity
a: Renounce Religion


You were on level 7 of the Dungeon.
You worshipped Xom.
You were a toy of Xom.
You were hungry.

You visited 1 branch of the dungeon, and saw 7 of its levels.

You collected 278 gold pieces.

Inventory:

Hand Weapons
 a - a +3 spear of chaos (weapon)
 k - a +1 hand axe of venom
 w - a +0 dagger of venom
 x - a +1 hand axe of electrocution
Armour
 b - a +2 leather armour (worn)
 m - a +0 pair of gloves (worn)
Jewellery
 e - a ring of protection from cold (left hand)
 g - an uncursed ring of attention
 h - a ring of protection from fire (right hand)
Wands
 f - a wand of acid (8)
 n - a wand of enslavement (8)
Scrolls
 d - a scroll of teleportation
 o - 4 scrolls of remove curse
 q - a scroll of magic mapping
 r - a scroll of enchant weapon
 t - a scroll of identify
Potions
 i - 2 potions of agility
 j - a potion of heal wounds {unknown}
 l - 3 potions of haste {unknown}
 p - 2 potions of brilliance {unknown}
 s - a potion of ambrosia
 u - a potion of curing {unknown}
Comestibles
 c - 8 rations


   Skills:
 + Level 4.7 Fighting
 + Level 5.6 Polearms
 + Level 3.5 Armour
 + Level 2.8 Dodging
 + Level 2.6 Stealth


You had 6 spell levels left.
You didn't know any spells.
Your spell library was empty.

Dungeon Overview and Level Annotations

Branches:
Dungeon (7/15)             Temple (0/1) D:6

Altars:
Hepliaklqana
Okawaru
Qazlal
Ru
Vehumet
Xom


Innate Abilities, Weirdness & Mutations

You have sharp toenails.
When hurt, damage is shared between your health and your magic reserves.
You regenerate magic rapidly.
You are immune to rotting.
You occasionally shout uncontrollably at your foes.


Message History

The centaur shoots an arrow.
The arrow barely misses you.
The centaur hits you with a cursed -1 shortbow.
You hit the centaur. You drain the centaur.
The centaur is heavily wounded.
The centaur shoots an arrow.
The arrow hits you! The centaur barely misses you.
The hornet barely misses you. The hornet stings you!
You feel yourself slow down. The hornet closely misses you.
The hornet stings you!
* * * LOW HITPOINT WARNING * * *
You are poisoned.
You feel as though you will be slow longer.
The centaur hits you with a cursed -1 shortbow.
* * * LOW HITPOINT WARNING * * *
The hornet stings you!
* * * LOW HITPOINT WARNING * * *
You feel as though you will be slow longer.
There is a stone staircase leading up, spattered with blood here.
You die...
Xom chuckles heartily!

#. #.# #.# ### #.#
#.. #.# #.# #.# #.#
.### #(###.######..
.....##.@§..........
#...cy##.######..
#....c..........
#.###.##.####### #
#(##§# #..%......#
..c.....##.....
######..###.### #...
.#


You could see a hornet and 2 centaurs.

Vanquished Creatures
  2 ogres
  A centaur (D:6)
  A bullfrog (D:6)
  A crimson imp (D:7)
  3 orc priests (D:5)
  2 hounds
  4 orc wizards
  2 worker ants (D:6)
  A hound zombie (D:5)
  A howler monkey zombie (D:7)
  5 adders
  A worker ant zombie (D:5)
  An ooze (D:4)
  A worm (D:3)
  3 dart slugs
  5 leopard geckos
  8 orcs
  3 ball pythons
  5 bats
  5 giant cockroaches
  4 goblins
  6 hobgoblins
  6 jackals
  2 quokkas
  5 frilled lizards
  6 kobolds
  A leopard gecko skeleton (D:4)
  2 rats (D:3)
87 creatures vanquished.

Notes
Turn   | Place    | Note
-------+----------+-------------------------------------------
     0 | D:1      | Marnok the Demonspawn Chaos Knight began the quest for the
                  | Orb.
     0 | D:1      | Reached XP level 1. HP: 18/18 MP: 1/1
   132 | D:1      | XOM: divination: detect items
   368 | D:1      | Gained mutation: You are immune to rotting. [demonic
                  | ancestry]
   368 | D:1      | Reached XP level 2. HP: 24/24 MP: 2/2
   648 | D:1      | XOM: divination: detect creatures
   864 | D:2      | Found a faded altar of an unknown god.
   916 | D:2      | Found a hazy altar of Hepliaklqana.
   925 | D:2      | XOM: divination: detect creatures
   928 | D:2      | Reached skill level 3 in Polearms
   928 | D:2      | Gained mutation: You have sharp toenails. [demonic
                  | ancestry]
   928 | D:2      | Reached XP level 3. HP: 26/29 MP: 3/3
  1246 | D:2      | Reached skill level 1 in Dodging
  1271 | D:3      | Reached XP level 4. HP: 32/37 MP: 4/4
  1700 | D:3      | Reached skill level 1 in Stealth
  2105 | D:3      | Found a radiant altar of Vehumet.
  2342 | D:4      | Noticed an ogre
  2356 | D:4      | Killed an ogre
  2356 | D:4      | Gained mutation: When hurt, damage is shared between your
                  | health and your magic reserves. [demonic ancestry]
  2356 | D:4      | Reached XP level 5. HP: 18/42 MP: 5/5
  2666 | D:4      | Reached skill level 4 in Polearms
  2772 | D:4      | XOM: 3-stop teleportation journey
  2884 | D:4      | XOM: noise
  2905 | D:5      | Entered Level 5 of the Dungeon
  3283 | D:6      | Reached XP level 6. HP: 20/48 MP: 4/6
  3534 | D:5      | XOM: potion effect (agility)
  3576 | D:6      | XOM: medium Ice miscast
  3840 | D:5      | Found a stormy altar of Qazlal.
  3915 | D:6      | XOM: blink monster(s)
  3994 | D:5      | Found a sacrificial altar of Ru.
  4022 | D:5      | Found a shimmering altar of Xom.
  4361 | D:5      | XOM: summons 1 hostile shadow creature
  4471 | D:5      | XOM: give mutation
  4471 | D:5      | Gained mutation: You occasionally shout uncontrollably at
                  | your foes. [Xom's mischief]
  4547 | D:6      | Reached skill level 5 in Polearms
  4547 | D:6      | Gained mutation: You regenerate magic rapidly. [demonic
                  | ancestry]
  4547 | D:6      | Reached XP level 7. HP: 33/55 MP: 5/7
  4561 | D:6      | XOM: harmless Chrm miscast
  4642 | D:6      | XOM: mild Air miscast
  4877 | D:6      | Found an iron altar of Okawaru.
  4892 | D:6      | Found a staircase to the Ecumenical Temple.
  5100 | D:6      | XOM: harmless Ice miscast
  5146 | D:6      | XOM: divination: magic mapping
  5224 | D:6      | XOM: harmless Ice miscast
  5252 | D:7      | Noticed a hornet
  5258 | D:7      | XOM: potion effect (magic)
  5259 | D:7      | XOM: potion effect (brilliance)
  5343 | D:7      | XOM: smoke on damage
  5361 | D:7      | HP: 1/55 [hornet (11)]
  5362 | D:7      | Succumbed to a hornet's poison

Skill      XL: |  1  2  3  4  5  6 |
---------------+-------------------+-----
Armour         | 2 3 |  3.5
Polearms       | 3 4 5 |  5.6
Dodging        | 1 2 |  2.8
Stealth        | 1 2 |  2.6
Fighting       | 4 |  4.7

Action                   |  1- 3 |  4- 6 |  7- 9 || total
-------------------------+-------+-------+-------++-------
Melee: Spear             |    75 |   143 |    48 ||   266
       Kick              |     6 |    29 |    13 ||    48
  Use: Scroll            |     4 |     9 |     1 ||    14
       Potion            |     1 |     1 |     2 ||     4
 Stab: Sleeping          |     1 |     3 |     1 ||     5
       Paralysed         |       |     1 |       ||     1
  Eat: Chunk             |     1 |     6 |     3 ||    10
       Ration            |       |     1 |       ||     1
Armor: Leather armour    |    24 |    52 |    18 ||    94
Dodge: Dodged            |    54 |    94 |    41 ||   189
